 Dungeon Sprint DCSS version 0.19-a0-1834-g6b7851e (webtiles) character file.

759 poirepourri the Fetichist (level 7, -1/35 HPs)
             Began as a Spriggan Artificer on Oct 8, 2016.
             Was an Initiate of Nemelex Xobeh.
             Succumbed to Sonja's poison
             ... in the Dungeon (Sprint I: "Red Sonja").
             The game lasted 00:03:56 (715 turns).

poirepourri the Fetichist (Spriggan Artificer)       Turns: 715, Time: 00:03:57

Health: -1/35      AC:  2    Str:  8    XL:     7   Next: 50%
Magic:  18/19      EV: 27    Int: 12    God:    Nemelex Xobeh [......]
Gold:   415        SH:  0    Dex: 19    Spells: 0 memorised, 6 levels left

rFire  . . .     SeeInvis +     a - +0 short sword
rCold  . . .     Gourm    .     b - +0 robe
rNeg   . . .     Faith    .     (shield restricted)
rPois  .         Spirit   .     (helmet restricted)
rElec  .         Dismiss  .     (no cloak)
rCorr  .         Reflect  .     (gloves unavailable)
MR     +....     Harm     .     (boots unavailable)
Stlth  ++++...... NoTele   +    (no amulet)
                                (no ring)
                                (no ring)

@: lethally poisoned (-1 -> -11), exhausted, slowed, quick
A: unfitting armour, see invisible, herbivore 3, speed 3, slow metabolism 2
a: Renounce Religion


You were in the Dungeon.
You worshipped Nemelex Xobeh.
Nemelex Xobeh was noncommittal.
You were not hungry.

You visited 1 branch You collected 415 gold pieces.

Inventory:

Hand Weapons
 a - a +0 short sword (weapon)
Armour
 b - a +0 robe (worn)
Wands
 c - a wand of flame (0/48)
 d - a wand of enslavement (14/24)
 e - a wand of random effects (0/48)
 m - a wand of digging (13/24)
Scrolls
 l - a scroll of blinking
Potions
 i - a potion of haste
 j - 2 potions of magic
Comestibles
 f - 2 bread rations


   Skills:
 + Level 2.6 Fighting
 + Level 5.0 Short Blades
 + Level 9.8 Dodging
 + Level 6.9 Stealth
 + Level 16.6 Evocations


You had 6 spell levels left.
You didn't know any spells.

Dungeon Overview and Level Annotations

Branches:
Dungeon (1/1)

Altars:
Cheibriados
Dithmenos
Elyvilon
Fedhas
Gozag
Hepliaklqana
Kikubaaqudgha
Makhleb
Nemelex Xobeh
Okawaru
Qazlal
Ru
Sif Muna
Trog
Uskayaw
Vehumet
Xom
Yredelemnul
Zin
The Shining One
Jiyva
Lugonu

Shops:
D (


Innate Abilities, Weirdness & Mutations

You are very small and have problems with some larger weapons.
You are too small for most types of armour.
You have supernaturally acute eyesight. (SInv)
You are a herbivore.
You cover ground extremely quickly.
You need consume almost no food.


Message History

Okay, then.
A red film seems to cover your vision as you go berserk!
You feel yourself moving faster!
You feel mighty!
* * * LOW HITPOINT WARNING * * *
You feel sick.
Unknown command.
There is a lethal amount of poison in your body!
There is a lethal amount of poison in your body!
There is a lethal amount of poison in your body!
There is a lethal amount of poison in your body!
You feel a strong urge to attack something.
* * * LOW HITPOINT WARNING * * *
You feel sick.
* * * LOW HITPOINT WARNING * * *
You feel sick.
You feel your anger subside.
You are no longer berserk.
You are exhausted.
You feel yourself slow down.
You die...
Your body disappears without a glow.

######################
#<.#..'..#..(.(#__#..+
#..).†#..').#)('..'..#
#..#####'#####'#__####
#..####..#...#T####
#..#__####..##.#
#).#_____##'#..+
#⌠⌠#_.∩..@+.(._#
####_..__##_}#'#
#_____###'#.#
#########.####+##
+$.$'$$.$$ #$.$######
##.## #+#


There were no monsters in sight!

Vanquished Creatures
  A yak (D)
  An ogre (D)
  A howler monkey (D)
  A jelly (D)
  Ijyb (D)
5 creatures vanquished.

Vanquished Creatures (collateral kills)
  Sonja (D)
1 creature vanquished.

Vanquished Creatures (others)
  A gargoyle (D)
  2 ballistomycete spores (D)
3 creatures vanquished.

Grand Total: 9 creatures vanquished

Notes
Turn   | Place    | Note
-------+----------+-------------------------------------------
     0 | D        | poirepourri the Spriggan Artificer began the quest for the Orb.
     0 | D        | Reached XP level 1. HP: 9/9 MP: 4/4
     2 | D        | Noticed Ijyb
    14 | D        | Killed Ijyb
    14 | D        | Reached skill level 1 in Fighting
    14 | D        | Reached skill level 7 in Evocations
    14 | D        | Reached XP level 2. HP: 14/14 MP: 4/7
   112 | D        | Noticed an ogre
   124 | D        | Killed an ogre
   124 | D        | Reached skill level 10 in Evocations
   124 | D        | Reached XP level 3. HP: 18/18 MP: 7/10
   124 | D        | Reached XP level 4. HP: 22/22 MP: 8/12
   312 | D        | Noticed Sigmund
   313 | D        | Noticed Sigmund
   313 | D        | Sigmund changed into Sigmund the howler monkey
   325 | D        | Killed Sigmund the howler monkey
   325 | D        | Reached skill level 11 in Evocations
   325 | D        | Reached XP level 5. HP: 25/25 MP: 14/14
   387 | D        | Found a deep blue altar of Sif Muna.
   389 | D        | Found a radiant altar of Vehumet.
   399 | D        | Reached skill level 12 in Evocations
   509 | D        | Found Ykhaderr's Weapon Emporium.
   509 | D        | Found an ancient bone altar of Kikubaaqudgha.
   509 | D        | Found a hazy altar of Hepliaklqana.
   509 | D        | Found a stormy altar of Qazlal.
   509 | D        | Found a hide-covered altar of Uskayaw.
   509 | D        | Found a blossoming altar of Fedhas.
   509 | D        | Found a bloodstained altar of Trog.
   509 | D        | Found an iron altar of Okawaru.
   509 | D        | Found a basalt altar of Yredelemnul.
   509 | D        | Found a glowing golden altar of the Shining One.
   509 | D        | Found a snail-covered altar of Cheibriados.
   509 | D        | Found a sacrificial altar of Ru.
   509 | D        | Found a glowing silver altar of Zin.
   509 | D        | Found a shadowy altar of Dithmenos.
   509 | D        | Found a white marble altar of Elyvilon.
   509 | D        | Noticed a yak
   523 | D        | Killed a yak
   523 | D        | Reached skill level 14 in Evocations
   523 | D        | Reached XP level 6. HP: 30/30 MP: 15/17
   565 | D        | Found an opulent altar of Gozag.
   566 | D        | Found a sparkling altar of Nemelex Xobeh.
   582 | D        | Found a burning altar of Makhleb.
   582 | D        | Found a shimmering altar of Xom.
   582 | D        | Noticed a slime creature
   601 | D        | Found a viscous altar of Jiyva.
   601 | D        | Found a corrupted altar of Lugonu.
   644 | D        | Became a worshipper of Nemelex Xobeh the Trickster
   662 | D        | Received a gift from Nemelex Xobeh
   662 | D        | Noticed Sonja
   663 | D        | Killed a gargoyle
   668 | D        | Noticed a deep troll
   704 | D        | Killed Sonja
   704 | D        | Reached skill level 5 in Short Blades
   704 | D        | Reached skill level 16 in Evocations
   704 | D        | Reached XP level 7. HP: 7/35 MP: 17/19
   711 | D        | HP: 2/52 [poisoned by Sonja]
   715 | D        | Succumbed to Sonja's poison

Vault maps used:
D:        dungeon_sprint_1

Skill      XL: |  1  2  3  4  5  6 |
---------------+-------------------+-----
Fighting       | 1 2 |  2.6
Dodging        | 4 6 8 9 |  9.8
Evocations     | 7 10 11 14 16 | 16.6
Stealth        | 2 4 6 |  6.9
Short Blades   | 3 5 |  5.0

Action                   |  1- 3 |  4- 6 |  7- 9 || total
-------------------------+-------+-------+-------++-------
Melee: Short sword       |       |    17 |       ||    17
Evoke: Wand              |    16 |    15 |       ||    31
  Use: Potion            |       |     2 |     1 ||     3
 Stab: Confused          |       |     2 |       ||     2
       Sleeping          |       |     1 |       ||     1
Dodge: Dodged            |     7 |    44 |       ||    51
